 Dungeon Crawl Stone Soup version 0.28.0-53-g5a82cb258f (webtiles) character file.

Game seed: 2488545446908426260

934 Klatu the Insei (level 7, 0/54 HPs)
             Began as a Demonspawn Conjurer on Aug 3, 2022.
             Slain by an ice beast (14 damage)
             ... on level 5 of the Dungeon.
             The game lasted 00:44:47 (7046 turns).

Klatu the Insei (Demonspawn Conjurer)               Turns: 7046, Time: 00:44:47

Health: 0/54       AC:  2    Str:  9 (10) XL:     7   Next: 86%
Magic:  2/10       EV: 12    Int: 19      God:
Gold:   181        SH:  4    Dex: 11      Spells: 6/10 levels left

rFire   . . .      SeeInvis +     - Unarmed
rCold   . . .      Faith    .   (no shield)
rNeg    . . .      Spirit   .   a - +0 robe
rPois   .          Reflect  .   (helmet restricted)
rElec   .          Harm     .   (no cloak)
rCorr   .          Rampage  .   (no gloves)
Will    .....                   (no boots)
Stlth   ++........              (no amulet)
HPRegen 0.18/turn               d - ring of see invisible
MPRegen 0.12/turn               (no ring)

@: no status effects
A: claws 2, horns 1, condensation shield, demonic magic 1
a: no special abilities


You were on level 5 of the Dungeon.
You visited 1 branch of the dungeon, and saw 5 of its levels.

You collected 181 gold pieces.

Inventory:

Missiles
 o - 5 javelins
Armour
 a - a +0 robe (worn)
Jewellery
 d - a ring of see invisible (left claw)
Scrolls
 b - a scroll of blinking {unknown}
 c - 2 scrolls of magic mapping {unknown}
 h - 2 scrolls of enchant weapon
 i - 4 scrolls of immolation
 k - a scroll of torment {unknown}
 m - a scroll of enchant armour {unknown}
 p - a scroll of fog {unknown}
 q - a scroll of summoning {unknown}
Potions
 e - a potion of flight
 f - 3 potions of might
 g - 3 potions of curing
 l - a potion of brilliance


   Skills:
 + Level 4.2 Fighting
 - Level 1.7 Dodging
 - Level 1.7 Stealth
 * Level 6.4 Unarmed Combat
 - Level 2.0 Spellcasting
 - Level 5.0 Conjurations


You had 6 spell levels left.
You knew the following spells:

 Your Spells              Type           Power      Damage    Failure   Level
a - Magic Dart            Conj           84%        1d7       2%          1
b - Searing Ray           Conj           42%        2d6       3%          2
c - Apportation           Tloc           2%         N/A       17%         1

Your spell library contained the following spells:

 Spells                   Type           Power      Damage    Failure   Level
 Animate Skeleton         Necr           2%         N/A       17%         1
 Summon Small Mammal      Summ           4%         N/A       17%         1
 Dazzling Flash           Conj/Hex       22%        N/A       19%         3
 Ensorcelled Hibernation  Hex/Ice        2%         N/A       26%         2
 Spider Form              Tmut/Pois      1%         N/A       45%         3
 Fulminant Prism          Conj/Hex       5%         3d7       52%         4
 Iskenderun's Mystic Bla  Conj/Tloc      11%        2d4       52%         4
 Anguish                  Hex/Necr       0%         N/A       86%         4


Dungeon Overview and Level Annotations

Branches:
Dungeon (5/15)
 Temple: D:4-7

Altars:
Ashenzari
Nemelex Xobeh
Qazlal
Wu Jian
The Shining One

Annotations:
D:4 exclusion: wyvern


Innate Abilities, Weirdness & Mutations

You have very sharp fingernails.
You have a pair of small horns on your head.
A meltable shield of frost defends you. (SH +4)
Spells you cast may paralyse adjacent enemies.


Message History

Aiming: Searing Ray (safe; 3% risk of failure)
Press: ? - help, Shift-Dir - straight line, f - black bear
Aim: a black bear (heavily wounded, 84% to hit)
The searing ray hits the ice beast.
The ice beast is moderately wounded.
The searing ray hits the black bear!
The black bear is severely wounded. (Press . to maintain the ray.) Malevolent energies surge around you.
The black bear goes berserk!
The ice beast hits you. The ice beast freezes you!
The searing ray hits the ice beast.
The ice beast is heavily wounded.
The searing ray hits the black bear!
The black bear is almost dead.
The ice beast completely misses you.
The searing ray hits the ice beast.
The ice beast is severely wounded.
The searing ray hits the black bear.
You kill the black bear!
The ice beast barely misses you.
You feel your intelligence returning.
The searing ray hits the ice beast.
The ice beast is almost dead.
You finish channelling your searing ray.
The ice beast hits you. The ice beast freezes you.
You barely miss the ice beast. Your headbutt misses the ice beast.
The ice beast is almost dead.
You closely miss the ice beast.
You headbutt the ice beast, but do no damage.
The ice beast is almost dead.
The ice beast hits you. The ice beast freezes you!
* * * LOW HITPOINT WARNING * * *
You are too injured to fight recklessly!
You are too injured to fight recklessly!
You barely miss the ice beast.
The ice beast is almost dead.
The ice beast hits you.
* * * LOW HITPOINT WARNING * * *
The ice beast freezes you!
You die...

......# #.#.# # #####.#####.#.# #
..........#.#.# ####
......###.#.#.# #...
#########.#.#.### ####### #...
......#.........# #.....# #...
#####.#.#.....#.# #.....# #...
....#.#.#.....#.####.....#####...
................@Y.'.....'.......
....#.#.#.......####.....#####...
.#..#.#.######################...
......).....>.. .................
.####.#.####### ##.............
.# #.#.############.........#...
.# #.#............'......hY.+...
.# #.#.#(##########.........#..#
.# #.#.#.# #.........##.#


You could see an ice beast.

Vanquished Creatures
  Sigmund (D:4)
  Menkaure (D:5)
  A black bear (D:5)
  A necrophage (D:5)
  A centaur skeleton (D:5)
  2 jellies (D:4)
  A hound (D:4)
  A hound zombie (D:5)
  Robin (D:2)
  8 adders
  12 gnolls
  An ufetubus (D:4)
  An adder skeleton (D:4)
  3 worms
  6 dart slugs
  2 orcs
  6 endoplasms
  4 giant cockroaches
  15 hobgoblins
  7 jackals
  6 kobolds
  5 quokkas
  9 ball pythons
  3 bats
  3 frilled lizards
  11 goblins
  6 rats
118 creatures vanquished.

Notes
Turn   | Place    | Note
-------+----------+-------------------------------------------
     0 | D:1      | Klatu the Demonspawn Conjurer began the quest for the Orb.
     0 | D:1      | Reached XP level 1. HP: 13/13 MP: 3/3
   321 | D:1      | Discovered your monstrous ancestry.
   321 | D:1      | Gained mutation: You have sharp fingernails. [demonic
                  | ancestry]
   321 | D:1      | Reached XP level 2. HP: 11/19 MP: 0/5
   714 | D:1      | Learned a level 2 spell: Searing Ray
  1223 | D:1      | Reached skill level 5 in Conjurations
  1250 | D:1      | Gained mutation: You have very sharp fingernails. [demonic
                  | ancestry]
  1250 | D:1      | Reached XP level 3. HP: 20/24 MP: 3/6
  1809 | D:2      | Reached skill level 1 in Unarmed Combat
  2571 | D:2      | Gained mutation: You have a pair of small horns on your
                  | head. [demonic ancestry]
  2571 | D:2      | Reached XP level 4. HP: 30/30 MP: 5/7
  2631 | D:2      | Reached skill level 2 in Unarmed Combat
  2641 | D:2      | Noticed Robin
  3240 | D:2      | Reached skill level 3 in Unarmed Combat
  3668 | D:2      | Gained mutation: Spells you cast may paralyse adjacent
                  | enemies. [demonic ancestry]
  3668 | D:2      | Reached XP level 5. HP: 36/36 MP: 3/8
  3912 | D:2      | Killed Robin
  4346 | D:3      | Reached skill level 1 in Fighting
  4563 | D:4      | Noticed a wyvern
  4638 | D:4      | Found a broken altar of Ashenzari.
  4813 | D:5      | Entered Level 5 of the Dungeon
  4975 | D:5      | Found a stormy altar of Qazlal.
  5049 | D:4      | Reached skill level 4 in Unarmed Combat
  5049 | D:4      | Reached XP level 6. HP: 44/44 MP: 0/9
  5054 | D:4      | Learned a level 1 spell: Apportation
  5529 | D:4      | Noticed Sigmund
  5534 | D:4      | Killed Sigmund
  5535 | D:4      | Reached skill level 5 in Unarmed Combat
  5892 | D:3      | Gained mutation: A meltable shield of frost defends you.
                  | (SH +4) [demonic ancestry]
  5892 | D:3      | Reached XP level 7. HP: 48/52 MP: 5/10
  6212 | D:4      | Found an ornate altar of the Wu Jian Council.
  6289 | D:4      | Found a sparkling altar of Nemelex Xobeh.
  6555 | D:5      | Noticed Menkaure
  6835 | D:5      | Killed Menkaure
  6836 | D:5      | Reached skill level 6 in Unarmed Combat
  7046 | D:5      | Slain by an ice beast

Illustrated notes

Levels and vault maps discovered:
D:1:      dpeg_arrival_pits, layout_loops_ring, amethyst_killhole
D:2:      layout_basic, uniq_robin
D:3:      layout_basic
D:4:      layout_cave_pools, mainiacjoe_overflow_two_lobes,
          nemelex_dance_club_becter, mainiacjoe_overflow_catwalk, uniq_sigmund
D:5:      layout_basic, dancing_weapons_uskayaw,
          nicolae_qazlal_scattered_showers, uniq_menkaure

Skill      XL: |  1  2  3  4  5  6  7 |
---------------+----------------------+-----
Conjurations   | 5 |  5.0
Unarmed Combat | 1 3 4 5 6 |  6.4
Fighting       | 1 3 4 |  4.2
Dodging        | |  1.7
Stealth        | |  1.7
Spellcasting   | |  2.0

Action                   |  1- 3 |  4- 6 |  7- 9 || total
-------------------------+-------+-------+-------++-------
Melee: Short sword       |     2 |       |       ||     2
       Unarmed           |    24 |    68 |    28 ||   120
       Punch             |     3 |     1 |     1 ||     5
       Headbutt          |       |    12 |     6 ||    18
 Cast: Magic Dart        |    70 |   102 |     8 ||   180
       Searing Ray       |     2 |     1 |     6 ||     9
  Use: Scroll            |       |     6 |     2 ||     8
       Potion            |       |     1 |     3 ||     4
 Stab: Sleeping          |     1 |     2 |     2 ||     5
Armor: Robe              |     2 |     4 |     2 ||     8
Dodge: Dodged            |    16 |    24 |    16 ||    56
Block: Other             |       |       |     4 ||     4
